 Dungeon Sprint DCSS version 0.22.1-2-g9c5b331 (webtiles) character file.

1484 diana the Carver (level 8, -5/74 HPs)
             Began as a Demonspawn Gladiator on Dec 1, 2018.
             Was an Initiate of Ru.
             Slain by a two-headed ogre
             ... wielding a +0 giant club
              (13 damage)
             ... in the Dungeon (Sprint III: "The Ten Rune Challenge").
             The game lasted 00:05:48 (1979 turns).

diana the Carver (Demonspawn Gladiator)             Turns: 1979, Time: 00:05:49

Health: -5/74      AC:  7    Str: 16    XL:     8   Next: 50%
Magic:  8/8        EV: 13    Int: 10    God:    Ru [......]
Gold:   27         SH:  0    Dex: 15    Spells: 7/7 levels left

rFire    . . .     SeeInvis .   a - +0 long sword
rCold    . . .     Gourm    .   (no shield)
rNeg     . . .     Faith    .   b - +0 leather armour
rPois    .         Spirit   .   c - +0 helmet
rElec    .         Reflect  .   (no cloak)
rCorr    .         Harm     .   (no gloves)
MR       .....     NoTele   +   (no boots)
Stlth    +.........             (no amulet)
HPRegen  0.22/turn              (no ring)
MPRegen  0.11/turn              (no ring)

@: no status effects
A: claws 1, molten scales 1, shaggy fur 1, spiny 3, subdued magic 1
a: Renounce Religion


You were in the Dungeon.
You worshipped Ru.
Ru was noncommittal.
You were hungry.

You visited 1 branch You collected 27 gold pieces.

Inventory:

Hand Weapons
 a - a +0 long sword (weapon)
Missiles
 d - a throwing net (quivered)
Armour
 b - a +0 leather armour (worn)
 c - a +0 helmet (worn)
Scrolls
 g - a scroll of immolation
 k - a scroll of blinking
 l - a scroll of identify
 m - 3 scrolls of remove curse
 o - a scroll of torment
Potions
 h - a potion of haste
 i - 2 potions of magic
 n - a potion of flight
Miscellaneous
 e - a phial of floods
Comestibles
 f - 4 rations
 j - 4 chunks of flesh


   Skills:
 + Level 10.9 Fighting
 * Level 13.7 Long Blades
 - Level 1.7 Throwing
 + Level 2.2 Armour
 + Level 3.7 Dodging


You had 7 spell levels left.
You didn't know any spells.
Your spell library contained the following spells:

 Spells                   Type           Power        Failure   Level  Hunger
 Magic Dart               Conj           #...         38%         1    ##.....
 Blink                    Tloc           N/A          52%         2    ###....
 Call Imp                 Summ           #.......     52%         2    ###....
 Slow                     Hex            #.......     52%         2    ###....
 Conjure Flame            Conj/Fire      #.......     77%         3    ####...
 Mephitic Cloud           Conj/Pois/Air  #.......     77%         3    ####...


Dungeon Overview and Level Annotations

Branches:
Dungeon (1/1)

Altars:
Cheibriados
Dithmenos
Elyvilon
Fedhas
Gozag
Hepliaklqana
Kikubaaqudgha
Makhleb
Nemelex Xobeh
Okawaru
Qazlal
Ru
Sif Muna
Trog
Uskayaw
Vehumet
Wu Jian
Xom
Yredelemnul
Zin
The Shining One
Beogh
Jiyva
Lugonu


Innate Abilities, Weirdness & Mutations

You have sharp fingernails.
You are partially covered in molten scales. (AC +2)
You are completely covered in sharp spines.
You are covered in fur. (AC +1)
Your spells are a little easier to cast, but a little less powerful.


Message History

The two-headed ogre is severely wounded.
The two-headed ogre is struck by your spines.
The two-headed ogre hits you with a giant club.
The two-headed ogre hits you but does no damage.
You hit the two-headed ogre but do no damage.
The two-headed ogre is almost dead.
You are feeling hungry.
You barely miss the two-headed ogre.
The two-headed ogre is almost dead.
The two-headed ogre completely misses you.
The two-headed ogre hits you with a giant spiked club.
You hit the two-headed ogre.
The two-headed ogre is almost dead.
You hit the two-headed ogre but do no damage.
The two-headed ogre is almost dead.
The two-headed ogre is struck by your spines.
The two-headed ogre hits you with a giant club!!
* * * LOW HITPOINT WARNING * * *
The two-headed ogre hits you with a giant spiked club!
You die...

__.#)_# '###[##
......# ......#
#####.#
__#...#+###########
__#...#....#.#.#..
__#...##.#..#.##O#
__#...'##.#.#.##@#
__'.).#...#..#..##
▓▓▓▓▓▓▓▓▓▓▓▓▓▓▓▓▓


You could see a two-headed ogre.

Vanquished Creatures
  A deep elf mage (D)
  A shadow (D)
  A spatial vortex (D)
  A necrophage (D)
  3 two-headed ogres (D)
  A water elemental (D)
  A jelly (D)
  A wizard (D)
  Jessica (D)
  A necromancer (D)
  3 humans (D)
  A kobold demonologist (D)
  An ooze (D)
  A phantom (D)
  2 rats (D)
20 creatures vanquished.

Vanquished Creatures (others)
  2 draconian scorchers (D)
  6 hellions (D)
  3 yaktaurs (D)
  3 plants (D)
14 creatures vanquished.

Grand Total: 34 creatures vanquished

Notes
Turn   | Place    | Note
-------+----------+-------------------------------------------
     0 | D        | diana the Demonspawn Gladiator began the quest for the Orb.
     0 | D        | Reached XP level 1. HP: 16/16 MP: 1/1
    11 | D        | Reached skill level 3 in Long Blades
    15 | D        | Killed a yaktaur
    35 | D        | Noticed Jessica
    40 | D        | Killed Jessica
    40 | D        | Reached skill level 5 in Long Blades
    40 | D        | Gained mutation: You have sharp fingernails. [demonic
                  | ancestry]
    40 | D        | Reached XP level 2. HP: 5/25 MP: 2/2
    40 | D        | Gained mutation: You are partially covered in sharp spines.
                  | [demonic ancestry]
    40 | D        | Reached XP level 3. HP: 7/30 MP: 3/3
    79 | D        | Killed a hellion
    80 | D        | Killed a hellion
   110 | D        | Killed a hellion
   170 | D        | Killed a white draconian scorcher
   175 | D        | Killed a hellion
   176 | D        | Killed a hellion
   178 | D        | Killed a hellion
   228 | D        | Killed a white draconian scorcher
   308 | D        | Reached skill level 6 in Long Blades
   379 | D        | Noticed a water elemental
   428 | D        | Gained mutation: You occasionally shout uncontrollably at
                  | your foes. [potion of mutation]
   428 | D        | Gained mutation: You are somewhat resistant to further
                  | mutation. [potion of mutation]
   429 | D        | Lost mutation: You occasionally shout uncontrollably at
                  | your foes. [potion of mutation]
   429 | D        | Lost mutation: You are somewhat resistant to further
                  | mutation. [potion of mutation]
   429 | D        | Gained mutation: You tend to lose your temper in combat.
                  | [potion of mutation]
   429 | D        | Gained mutation: You are somewhat resistant to further
                  | mutation. [potion of mutation]
   430 | D        | Lost mutation: You are somewhat resistant to further
                  | mutation. [potion of mutation]
   430 | D        | Lost mutation: You tend to lose your temper in combat.
                  | [potion of mutation]
   430 | D        | Gained mutation: Your magical capacity is low. (-10% MP)
                  | [potion of mutation]
   430 | D        | Gained mutation: You are robust. (+10% HP) [potion of
                  | mutation]
   431 | D        | Lost mutation: Your magical capacity is low. (-10% MP)
                  | [potion of mutation]
   431 | D        | Lost mutation: You are robust. (+10% HP) [potion of
                  | mutation]
   431 | D        | Gained mutation: You tend to lose your temper in combat.
                  | [potion of mutation]
   431 | D        | Gained mutation: Scrolls take you a little longer to read.
                  | [potion of mutation]
   431 | D        | Lost mutation: You tend to lose your temper in combat.
                  | [potion of mutation]
   431 | D        | Lost mutation: Scrolls take you a little longer to read.
                  | [potion of mutation]
   432 | D        | Gained mutation: Your spells are a little easier to cast,
                  | but a little less powerful. [potion of mutation]
   432 | D        | Gained mutation: You are covered in fur. (AC +1) [potion of
                  | mutation]
   504 | D        | Killed a water elemental
   504 | D        | Reached skill level 5 in Fighting
   504 | D        | Reached skill level 7 in Long Blades
   504 | D        | Gained mutation: You are partially covered in molten
                  | scales. (AC +2) [demonic ancestry]
   504 | D        | Reached XP level 4. HP: 8/40 MP: 4/4
   522 | D        | Killed a yaktaur
   755 | D        | Found a radiant altar of Vehumet.
   755 | D        | Found a deep blue altar of Sif Muna.
   755 | D        | Found an ancient bone altar of Kikubaaqudgha.
   755 | D        | Noticed a wizard
   759 | D        | Killed a wizard
   759 | D        | Reached skill level 8 in Long Blades
   759 | D        | Gained mutation: You are mostly covered in sharp spines.
                  | [demonic ancestry]
   759 | D        | Reached XP level 5. HP: 46/46 MP: 5/5
   797 | D        | Found a shadowy altar of Dithmenos.
   797 | D        | Noticed a necrophage
   802 | D        | Killed a necrophage
   802 | D        | Reached skill level 9 in Long Blades
   803 | D        | Found a basalt altar of Yredelemnul.
   803 | D        | Found a sacrificial altar of Ru.
   809 | D        | Reached XP level 6. HP: 20/55 MP: 6/6
  1006 | D        | Found a hide-covered altar of Uskayaw.
  1006 | D        | Found an iron altar of Okawaru.
  1007 | D        | Found a roughly hewn altar of Beogh.
  1007 | D        | Found a bloodstained altar of Trog.
  1007 | D        | Found an ornate altar of the Wu Jian Council.
  1007 | D        | Noticed a human
  1007 | D        | Noticed a human
  1025 | D        | Killed a human
  1025 | D        | Reached skill level 10 in Long Blades
  1033 | D        | Killed a human
  1033 | D        | Reached skill level 11 in Long Blades
  1033 | D        | Gained mutation: You are completely covered in sharp
                  | spines. [demonic ancestry]
  1033 | D        | Reached XP level 7. HP: 20/64 MP: 7/7
  1259 | D        | Became a worshipper of Ru the Awakened
  1268 | D        | Found a glowing silver altar of Zin.
  1268 | D        | Found a glowing golden altar of the Shining One.
  1268 | D        | Found a white marble altar of Elyvilon.
  1269 | D        | Noticed a deep elf mage
  1289 | D        | Killed a deep elf mage
  1289 | D        | Reached skill level 10 in Fighting
  1289 | D        | Reached skill level 12 in Long Blades
  1467 | D        | Noticed a shadow
  1486 | D        | Killed a shadow
  1486 | D        | Reached skill level 13 in Long Blades
  1486 | D        | Reached XP level 8. HP: 42/73 MP: 8/8
  1562 | D        | Killed a yaktaur
  1632 | D        | Reached skill level 1 in Armour
  1752 | D        | Found a blossoming altar of Fedhas.
  1752 | D        | Found a stormy altar of Qazlal.
  1752 | D        | Found a snail-covered altar of Cheibriados.
  1752 | D        | Found a burning altar of Makhleb.
  1752 | D        | Found a shimmering altar of Xom.
  1753 | D        | Found a hazy altar of Hepliaklqana.
  1753 | D        | Found an opulent altar of Gozag.
  1753 | D        | Found a sparkling altar of Nemelex Xobeh.
  1753 | D        | Found a corrupted altar of Lugonu.
  1753 | D        | Found a viscous altar of Jiyva.
  1967 | D        | Noticed a two-headed ogre
  1979 | D        | Slain by a two-headed ogre

Skill      XL: |  1  2  3  4  5  6  7  8 |
---------------+-------------------------+-----
Long Blades    | 5 7 8 9 11 13 | 13.7
Fighting       | 4 5 6 7 9 10 | 10.9
Armour         | 2 |  2.2
Dodging        | 3 |  3.7
Throwing       | |  1.7

Action                   |  1- 3 |  4- 6 |  7- 9 || total
-------------------------+-------+-------+-------++-------
Melee: Long sword        |    38 |    37 |    73 ||   148
Throw: Throwing net      |     2 |       |       ||     2
  Use: Potion            |     7 |     1 |     1 ||     9
       Scroll            |       |     3 |       ||     3
 Stab: Held in net/web   |     2 |       |       ||     2
  Eat: Chunk             |       |       |     3 ||     3
Armor: Leather armour    |     6 |       |     6 ||    12
Dodge: Dodged            |    14 |    21 |    27 ||    62
       Rpst.: Long sword |     8 |     8 |     4 ||    20
